 Dungeon Sprint DCSS version 0.29.1-2-gbd0b4ee654 (webtiles) character file.

Game seed: 4010042287420075706

4407 firemarshallily the Imperceptible (level 10, 0/78 HPs)
             Began as an Octopode Brigand on Nov 2, 2022.
             Was a Follower of Uskayaw.
             Slain by an unseen horror (6 damage)
             ... in the Dungeon (Sprint I: "Red Sonja").
             The game lasted 00:08:53 (1424 turns).

firemarshallily the Imperceptible (OpBr)            Turns: 1424, Time: 00:08:53

Health: 0/78       AC:  1    Str: 10    XL:     10   Next: 35%
Magic:  10/10      EV: 15    Int: 13    God:    Uskayaw [*.....]
Gold:   258        SH:  5    Dex: 19    Spells: 9/9 levels left

rFire   . . .      SeeInvis .   a - +3 dagger
rCold   . . .      Faith    .   (no shield)
rNeg    . . .      Spirit   .   (helmet restricted)
rPois   .          Reflect  +   u - amulet of reflection
rElec   .          Harm     .   t - ring of willpower
rCorr   .          Rampage  .   (no ring)
Will    +....      NoTele   +   (no ring)
Stlth   +++++++++.              (no ring)
HPRegen 0.23/turn               (no ring)
MPRegen 0.12/turn               (no ring)
                                (no ring)
                                (no ring)

@: no status effects
A: almost no armour, amphibious, 8 rings, camouflage 1, gelatinous body 1,
(nimble swimmer 1), tentacles
a: Renounce Religion, Stomp


You were in the Dungeon.
You worshipped Uskayaw.
Uskayaw was noncommittal.
You visited 1 branch You collected 1922 gold pieces.
You spent 1664 gold pieces at shops.

Inventory:

Hand Weapons
 a - a +3 dagger (weapon)
 m - a +2 short sword of draining
 s - the +1 demon blade of the Chain {pain, Str+3 Dex+4}
   (You found it in the Dungeon)

   In the hands of one skilled in necromantic magic, it inflicts extra damage on
   living creatures.
   Str:       It affects your strength (+3).
   Dex:       It affects your dexterity (+4).
Missiles
 b - 9 poisoned darts (quivered)
 c - 6 curare-tipped darts
 n - 6 boomerangs
Jewellery
 t - a ring of willpower (left tentacle)
 u - an amulet of reflection (around mantle)
Wands
 j - a wand of light (10)
 l - a wand of iceblast (11)
Scrolls
 i - a scroll of blinking
 k - 2 scrolls of identify
 o - a scroll of poison
 q - a scroll of immolation
 w - a scroll of butterflies
 x - 2 scrolls of fear
Potions
 d - 3 potions of curing
 e - 4 potions of heal wounds
 f - a potion of haste
 g - 2 potions of magic
 h - a potion of berserk rage
 p - 3 potions of might
 v - a potion of lignification
 z - 2 potions of mutation
 A - a potion of invisibility
Miscellaneous
 r - a piece from Xom's chessboard (15/15)


   Skills:
 + Level 11.0 Fighting
 * Level 15.1 Short Blades
 - Level 2.0 Throwing
 + Level 3.6 Dodging
 * Level 21.1 Stealth


You had 9 spell levels left.
You didn't know any spells.
Your spell library was empty.

Dungeon Overview and Level Annotations

Branches:
Dungeon (1/1)

Altars:
Cheibriados
Dithmenos
Elyvilon
Fedhas
Gozag
Hepliaklqana
Kikubaaqudgha
Makhleb
Nemelex Xobeh
Okawaru
Qazlal
Ru
Sif Muna
Trog
Uskayaw
Vehumet
Wu Jian
Xom
Yredelemnul
Zin
The Shining One
Jiyva
Lugonu

Shops:
D [[*(!([:[[****=[(


Innate Abilities, Weirdness & Mutations

You cannot wear most types of armour.
You are amphibious.
You can wear up to eight rings at the same time.
Your skin changes colour to match your surroundings (Stealth+).
Your rubbery body absorbs attacks. (AC +1, EV +1)
((You are camouflaged when in or above water. (Stealth+)))
You have tentacles for arms and can constrict up to eight enemies at once.


Message History

You block something's attack.
You barely miss something. You squeeze something. You block something's attack.
Something hits you.
You barely miss something. You squeeze something. Something hits you!
Something hits you. x2
Something hits you but does no damage. Something hits you.
You barely miss something. Something hits you but does no damage.
You miss something. Something hits you but does no damage. Something hits you!
Something hits you. x2; Something hits you!
Okay, then.
Blink to where?
Press: ? - help, Dir - move target
As you read the scroll of blinking, it crumbles to dust.
Something hits you!
* * * LOW HITPOINT WARNING * * *
There is an open door here.
You closely miss something. You squeeze something.
You block something's attack.
You miss something. Something hits you.
* * * LOW HITPOINT WARNING * * *
Something hits you!
* * * LOW HITPOINT WARNING * * *
You feel much better. Something hits you.
* * * LOW HITPOINT WARNING * * *
You close the door.
Something hits you but does no damage. Something completely misses you.
You miss something. You tentacle-slap something. Something hits you.
* * * LOW HITPOINT WARNING * * *
You miss something. Something hits you!
* * * LOW HITPOINT WARNING * * *
You feel much better.
You miss something. Something hits you.
You hit something. Your squeeze misses something. Something hits you!
* * * LOW HITPOINT WARNING * * *
Something hits you.
* * * LOW HITPOINT WARNING * * *
Something hits you!
* * * LOW HITPOINT WARNING * * *
You barely miss something. Your squeeze misses something. Something hits you.
You die...

##_.#'##+#####'###
###'#.#....###.'.#
###.####'###)###.#
.'...'..[..')∩##.#
##.†.###########§#
###.###.......##.#
#.#'#.#.§......+§#
#.....#++.######{#
#...[.#.....§.{#@#
#######.÷.§§§§#+§#
#.[.....§§.§§####
#..[.......~~#
##.......~~~##
###..~~~~###
###'######+###
#∩∩########∩∩#
##∩∩∩∩∩∩∩∩∩∩##


There were no monsters in sight!

Vanquished Creatures
  2 centaur warriors (D)
  Sonja (D)
  A deep troll (D)
  An oklob plant (D)
  A slime creature (D)
  A hornet (D)
  Sigmund (D)
  A yak (D)
  2 redbacks (D)
  A floating eye (D)
  An ogre (D)
  7 necrophages (D)
  8 jellies (D)
  Ijyb (D)
  2 ballistomycete spores (D)
31 creatures vanquished.

Notes
Turn   | Place    | Note
-------+----------+-------------------------------------------
     0 | D        | firemarshallily the Octopode Brigand began the quest for
                  | the Orb.
     0 | D        | Reached XP level 1. HP: 14/14 MP: 1/1
     1 | D        | Noticed Ijyb
     9 | D        | Killed Ijyb
    10 | D        | Reached skill level 7 in Stealth
    10 | D        | Reached XP level 2. HP: 9/21 MP: 2/2
    10 | D        | Reached XP level 3. HP: 11/26 MP: 3/3
   188 | D        | Noticed an ogre
   191 | D        | Killed an ogre
   192 | D        | Reached skill level 9 in Stealth
   192 | D        | Reached XP level 4. HP: 34/34 MP: 4/4
   200 | D        | Noticed Sigmund
   207 | D        | Killed Sigmund
   208 | D        | Reached skill level 5 in Fighting
   208 | D        | Reached skill level 12 in Stealth
   208 | D        | Reached XP level 5. HP: 32/41 MP: 5/5
   208 | D        | Reached XP level 6. HP: 36/46 MP: 6/6
   281 | D        | Found a shimmering blue altar of Sif Muna.
   282 | D        | Found an ornate altar of the Wu Jian Council.
   283 | D        | Found a radiant altar of Vehumet.
   478 | D        | Found Gixiwn's Antique Armour Emporium.
   478 | D        | Found an ancient bone altar of Kikubaaqudgha.
   478 | D        | Found a hazy altar of Hepliaklqana.
   478 | D        | Found a hide-covered altar of Uskayaw.
   478 | D        | Found a basalt altar of Yredelemnul.
   478 | D        | Found an opulent altar of Gozag.
   478 | D        | Found a snail-covered altar of Cheibriados.
   478 | D        | Found a sacrificial altar of Ru.
   478 | D        | Found a shadowy altar of Dithmenos.
   478 | D        | Noticed a yak
   479 | D        | Found a stormy altar of Qazlal.
   479 | D        | Found a blossoming altar of Fedhas.
   479 | D        | Found a bloodstained altar of Trog.
   479 | D        | Found an iron altar of Okawaru.
   479 | D        | Found a glowing golden altar of the Shining One.
   479 | D        | Found a glowing silver altar of Zin.
   479 | D        | Found a white marble altar of Elyvilon.
   480 | D        | Killed a yak
   481 | D        | Reached skill level 13 in Stealth
   481 | D        | Reached XP level 7. HP: 53/53 MP: 7/7
   481 | D        | Found a sparkling altar of Nemelex Xobeh.
   489 | D        | Became a worshipper of Uskayaw the Reveller
   496 | D        | Noticed Sonja
   500 | D        | Killed Sonja
   500 | D        | Reached * piety under Uskayaw
   501 | D        | Reached skill level 16 in Stealth
   501 | D        | Reached XP level 8. HP: 61/61 MP: 8/8
   518 | D        | Found Yros's Armour Boutique.
   538 | D        | Noticed a deep troll
   542 | D        | Killed a deep troll
   542 | D        | Reached ** piety under Uskayaw
   543 | D        | Reached skill level 17 in Stealth
   568 | D        | Noticed a centaur warrior
   573 | D        | Found Osusch's Armour Emporium.
   708 | D        | Found a viscous altar of Jiyva.
   708 | D        | Found a corrupted altar of Lugonu.
   708 | D        | Noticed a slime creature
   709 | D        | Found a burning altar of Makhleb.
   709 | D        | Found a shimmering altar of Xom.
   711 | D        | Killed a slime creature
   712 | D        | Reached XP level 9. HP: 68/68 MP: 9/9
   732 | D        | Noticed a centaur warrior
   736 | D        | Killed a centaur warrior
   737 | D        | Reached skill level 18 in Stealth
   739 | D        | Killed a centaur warrior
   739 | D        | Reached *** piety under Uskayaw
   740 | D        | Reached skill level 10 in Fighting
   740 | D        | Reached skill level 19 in Stealth
   748 | D        | Noticed a hornet
   751 | D        | Killed a hornet
   752 | D        | Reached skill level 20 in Stealth
   761 | D        | Noticed an oklob plant
   763 | D        | Killed an oklob plant
   764 | D        | Reached XP level 10. HP: 77/77 MP: 10/10
  1125 | D        | Reached **** piety under Uskayaw
  1132 | D        | Reached ***** piety under Uskayaw
  1139 | D        | Reached ****** piety under Uskayaw
  1142 | D        | Reached skill level 15 in Short Blades
  1146 | D        | Reached skill level 21 in Stealth
  1167 | D        | Identified the +1 demon blade of the Chain {pain, Str+3
                  | Dex+4}
  1322 | D        | Found Ditruolie's Antique Weapon Shoppe.
  1322 | D        | Found Vutetan's General Store.
  1322 | D        | Found Xohuen's Distillery.
  1324 | D        | Found Eqeimaest's Antique Weapon Emporium.
  1324 | D        | Found Duamumo's Armour Shop.
  1324 | D        | Found Pasos's Book Shoppe.
  1324 | D        | Found Zipump's Armour Boutique.
  1324 | D        | Found Tiunor's Armour Emporium.
  1324 | D        | Found Fubinlin's Assorted Antiques.
  1324 | D        | Found Piserasch's Assorted Antiques.
  1328 | D        | Found Vibrewosch's Assorted Antiques.
  1329 | D        | Found Zoramas's Jewellery Emporium.
  1329 | D        | Found Rohof's Assorted Antiques.
  1330 | D        | Found Zasuam's Antique Weapon Emporium.
  1340 | D        | Bought a potion of heal wounds for 105 gold pieces
  1341 | D        | Bought a ring of willpower for 350 gold pieces
  1345 | D        | Bought a scroll of blinking for 172 gold pieces
  1346 | D        | Bought a dented amethyst amulet for 145 gold pieces
  1358 | D        | Bought 2 potions of heal wounds for 110 gold pieces
  1358 | D        | Bought a potion of heal wounds for 55 gold pieces
  1358 | D        | Bought a potion of heal wounds for 55 gold pieces
  1360 | D        | Bought a scroll of identify for 20 gold pieces
  1360 | D        | Bought a scroll of identify for 20 gold pieces
  1360 | D        | Bought a scroll of identify for 20 gold pieces
  1360 | D        | Bought a potion of lignification for 30 gold pieces
  1369 | D        | Bought a scroll labelled RACOQAO COTWU for 29 gold pieces
  1369 | D        | Bought a scroll of identify for 58 gold pieces
  1369 | D        | Bought a scroll labelled XOAKACURAS for 29 gold pieces
  1369 | D        | Bought a sedimented red potion for 26 gold pieces
  1370 | D        | Bought a scroll labelled XOAKACURAS for 29 gold pieces
  1370 | D        | Bought a scroll labelled XUSABUOTZI for 29 gold pieces
  1370 | D        | Bought a scroll of identify for 58 gold pieces
  1380 | D        | Bought a blue potion for 20 gold pieces
  1383 | D        | Bought a scroll of identify for 42 gold pieces
  1383 | D        | Bought a scroll of identify for 42 gold pieces
  1393 | D        | Bought a potion of might for 44 gold pieces
  1393 | D        | Bought a potion of mutation for 88 gold pieces
  1393 | D        | Bought a potion of invisibility for 88 gold pieces
  1424 | D        | Slain by an unseen horror

Illustrated notes

Levels and vault maps discovered:
D:        dungeon_sprint_1 [red_sonja_temple_1, red_sonja_temple_small_1]

Skill      XL: |  1  2  3  4  5  6  7  8  9 10 |
---------------+-------------------------------+-----
Fighting       | 3 4 5 6 8 9 10 11 | 11.0
Short Blades   | 4 6 8 9 11 12 14 15 | 15.1
Stealth        | 7 9 12 13 16 17 20 21 | 21.1
Dodging        | 2 3 |  3.6
Throwing       | |  2.0

Action                   |  1- 3 |  4- 6 |  7- 9 | 10-12 || total
-------------------------+-------+-------+-------+-------++-------
Melee: Dagger            |     7 |    11 |     9 |    66 ||    93
       Tentacles         |     1 |     3 |       |    19 ||    23
       Constrict         |     1 |     1 |       |     6 ||     8
       Punch             |       |       |       |     3 ||     3
  Use: Scroll            |       |       |       |     9 ||     9
       Potion            |       |       |       |     2 ||     2
 Stab: Sleeping          |     2 |     1 |     8 |     7 ||    18
       Paralysed         |       |       |       |     2 ||     2
Armor: Skin              |       |       |       |     7 ||     7
Dodge: Dodged            |     2 |     3 |       |    14 ||    19
Block: Other             |       |       |       |     3 ||     3
